 Dungeon Crawl Stone Soup version 0.30-a0-377-g5cb311bc9f (webtiles) character file.

Game seed: 3249675003974338857

32 kiwi3s the Chopper (level 3, -3/33 HPs)
             Began as a Minotaur Berserker on Nov 29, 2022.
             Was a Follower of Trog.
             Slain by a gnoll
             ... wielding a +0 whip
              (8 damage)
             ... on level 2 of the Dungeon.
             The game lasted 00:00:38 (781 turns).

kiwi3s the Chopper (Minotaur Berserker)              Turns: 781, Time: 00:00:39

Health: -3/33      AC:  2    Str: 23    XL:     3   Next: 8%
Magic:  2/2        EV:  6    Int:  4    God:    Trog [*.....]
Gold:   51         SH:  0    Dex:  9    Spells: 2/2 levels left

rFire   . . .      SeeInvis .    a - +0 hand axe
rCold   . . .      Faith    .    (no shield)
rNeg    . . .      Spirit   .    b - +0 animal skin
rPois   .          Reflect  .    (helmet restricted)
rElec   .          Harm     .    (no cloak)
rCorr   .          Rampage  .    (no gloves)
Will    .....                    (no boots)
Stlth   +.........               (no amulet)
HPRegen 0.25/turn                (no ring)
MPRegen 0.08/turn                (no ring)

@: held
A: horns 2, retaliatory headbutt
a: Renounce Religion, Berserk


You were on level 2 of the Dungeon.
You worshipped Trog.
Trog was aware of your devotion.
You visited 1 branch of the dungeon, and saw 2 of its levels.

You collected 51 gold pieces.

Inventory:

Hand Weapons
 a - a +0 hand axe (weapon)
Armour
 b - a +0 animal skin (worn)
Jewellery
 e - a ring of willpower
Scrolls
 c - 2 scrolls of identify {unknown}
Potions
 d - a potion of resistance {unknown}
 f - 2 potions of magic {unknown}


   Skills:
 + Level 4.1 Fighting
 + Level 4.5 Axes
 + Level 2.5 Armour
 + Level 2.3 Dodging
 + Level 0.1 Stealth


You had 2 spell levels left.
You didn't know any spells.
Your spell library was empty.

Dungeon Overview and Level Annotations

Branches:
Dungeon (2/15)

Altars:


Innate Abilities, Weirdness & Mutations

You have a pair of horns on your head.
You reflexively headbutt those who attack you in melee.


Message History

Trog accepts your kill.
HP restored.
You see here a giant cockroach corpse.
An endoplasm comes into view.
The endoplasm quivers.
The endoplasm moves out of view.
No target in view!
Found an Everburning Encyclopedia.
Found 13 gold pieces.
An endoplasm is nearby!
You slash the endoplasm!
You kill the endoplasm!
Trog accepts your kill.
You now have 51 gold pieces (gained 13).
You open the door.
There is an open door here.
A gnoll comes into view. It is wielding a +0 whip.
A gnoll is nearby! 2 gnolls come into view.
Found a scroll labelled CONEIPL ODDY.
The gnoll shouts!
The gnoll throws a throwing net.
The throwing net hits you.
You become entangled in the net!
You see here a throwing net.
You are held in a net!
You are held in a net!
You are held in a net!
You are held in a net!
The gnoll hits you with a +0 whip.
You struggle against the net.
The gnoll hits you but does no damage. The gnoll hits you with a +0 whip!
The gnoll hits you with a +0 club.
You struggle against the net.
The gnoll hits you with a +0 whip. x2
The gnoll hits you but does no damage. The gnoll hits you with a +0 whip.
* * * LOW HITPOINT WARNING * * *
The gnoll barely misses you. The gnoll hits you with a +0 club.
* * * LOW HITPOINT WARNING * * *
You struggle against the net.
The gnoll hits you but does no damage. The gnoll hits you with a +0 whip!
You die...

#................#
########.........#
..........###.##.#
##.######.# #.##.#
###'###.##..
#.......####
#..........
#..........
#..@.......
#.ggg......
#..........
#..........
#......##+#
#....... ?.......#
#....###.#


You could see 3 gnolls.

Vanquished Creatures
  A dart slug (D:1)
  2 ball pythons (D:1)
  3 bats (D:1)
  2 endoplasms
  5 giant cockroaches
  4 goblins
  5 hobgoblins (D:1)
  A kobold (D:1)
  A rat (D:1)
24 creatures vanquished.

Notes
Turn   | Place    | Note
-------+----------+-------------------------------------------
     0 | D:1      | kiwi3s the Minotaur Berserker began the quest for the Orb.
     0 | D:1      | Reached XP level 1. HP: 19/19 MP: 0/0
    56 | D:1      | Reached XP level 2. HP: 27/27 MP: 1/1
   709 | D:2      | Reached XP level 3. HP: 27/33 MP: 2/2
   781 | D:2      | Slain by a gnoll

Illustrated notes

Levels and vault maps discovered:
D:1:      psy_arrival_whirlpool, layout_loops_ring, serial_park_tiny_pond,
          minmay_tromino_v7
D:2:      layout_basic, ebering_ecumenical_altar_ruins

Skill      XL: |  1  2 |
---------------+-------+-----
Axes           | 4 |  4.5
Fighting       | 4 |  4.1
Armour         | |  2.5
Dodging        | |  2.3
Stealth        | |  0.1

Action                   || total
-------------------------++-------
Melee: Hand axe          ||    65
       Headbutt          ||     7
 Stab: Sleeping          ||     1
Armor: Animal skin       ||    17
Dodge: Dodged            ||    46

Table legend: (Time is in decaauts)
 A = Elapsed time spent in this place.
 B = Non-inter-level travel time spent in this place.
 C = Inter-level travel time spent in this place.
 D = Time resting spent in this place.
 E = Time spent auto-exploring this place.
 F = Levels seen in this place.
 G = Mean time per level.
                   A        B        C        D        E       F      G
               +--------+--------+--------+--------+--------+-----+--------+
         Total |    790 |    775 |     15 |      0 |    627 |   2 |  395.0 |
       Dungeon |    790 |    775 |     15 |      0 |    627 |   2 |  395.0 |
               +--------+--------+--------+--------+--------+-----+--------+

Top non-repeatable levels by time:
     D:1: 712 daAuts
     D:2: 77 daAuts
